 Dungeon Sprint DCSS version 0.23.0-3-gf3c87f2 (webtiles) character file.

Game seed: 8348142901882795635

856 nuthulu the Grappler (level 7, -4/81 HPs)
             Began as a Troll Monk on Feb 20, 2019.
             Was a Believer of Yredelemnul.
             Slain by a sixfirhy (6 damage)
             ... summoned by a kobold demonologist
             ... in the Dungeon (Sprint I: "Red Sonja").
             The game lasted 00:01:58 (594 turns).

nuthulu the Grappler (Troll Monk)                    Turns: 594, Time: 00:01:58

Health: -4/81      AC:  6    Str: 22    XL:     7   Next: 70%
Magic:  8/8        EV: 14    Int:  6    God:    Yredelemnul [**....]
Gold:   432        SH:  0    Dex: 12    Spells: 6/6 levels left

rFire    . . .     SeeInvis .     - Unarmed
rCold    . . .     Gourm    +   (no shield)
rNeg     . . .     Faith    .   a - +0 robe
rPois    .         Spirit   .   (helmet restricted)
rElec    .         Reflect  .   (no cloak)
rCorr    .         Harm     .   (gloves unavailable)
MR       .....     NoTele   +   (boots unavailable)
Stlth    ++........             (no amulet)
HPRegen  0.63/turn              (no ring)
MPRegen  0.11/turn              (no ring)

@: no status effects
A: large, unfitting armour, claws 3, fast metabolism 3, gourmand, regeneration
1, shaggy fur 1, tough skin 3
a: Animate Remains, Recall Undead Slaves, Injury Mirror, Renounce Religion


You were in the Dungeon.
You worshipped Yredelemnul.
Yredelemnul was pleased with you.
You were very full.

You visited 1 branch You collected 432 gold pieces.

Inventory:

Armour
 a - a +0 robe (worn)
Scrolls
 h - a scroll of blinking
Potions
 c - a potion of curing
 d - a potion of heal wounds
 e - 2 potions of haste
 f - 2 potions of magic
Comestibles
 b - 2 rations


   Skills:
 + Level 8.4 Fighting
 + Level 8.4 Dodging
 - Level 1.0 Stealth
 + Level 10.0 Unarmed Combat
 + Level 3.8 Invocations


You had 6 spell levels left.
You didn't know any spells.
Your spell library was empty.

Dungeon Overview and Level Annotations

Branches:
Dungeon (1/1)

Altars:
Cheibriados
Dithmenos
Elyvilon
Fedhas
Gozag
Hepliaklqana
Kikubaaqudgha
Makhleb
Nemelex Xobeh
Okawaru
Qazlal
Ru
Sif Muna
Trog
Uskayaw
Vehumet
Wu Jian
Xom
Yredelemnul
Zin
The Shining One
Jiyva
Lugonu

Shops:
D %


Innate Abilities, Weirdness & Mutations

You are too large for most types of armour.
You have claws for hands.
Your metabolism is lightning-fast.
You like to eat raw meat.
Your natural rate of healing is unusually fast.
You are covered in fur. (AC +1)
You have extremely tough skin. (AC +3)


Message History

The kobold demonologist hits your yak skeleton with a +0 dagger.
There is an open door here.
Something hits Sigmund.
Your yak skeleton closely misses the kobold demonologist.
The kobold demonologist hits your yak skeleton with a +0 dagger.
The sixfirhy hits your yak skeleton. The sixfirhy shocks your yak skeleton!
The crimson imp hits Sigmund.
Sigmund hits the kobold demonologist with a +1 scythe of flaming!
Sigmund burns the kobold demonologist.
The sixfirhy hits your yak skeleton!
Your yak skeleton is destroyed!
The shadow imp hits Sigmund.
The kobold demonologist looks braver for a moment.
There is an open door here.
The sixfirhy hits you!
* * * LOW HITPOINT WARNING * * *
The sixfirhy shocks you!
* * * LOW HITPOINT WARNING * * *
The sixfirhy hits you.
You die...
Your body rises from the dead as a mindless zombie.

######################
..').#..'..#__#..3.K.#
).#..'..#..'..'.@#Z..#
####'#####'#__####55.+
###..#...#.####§ #####
__####..##Z#§§§.c
_____##'#_.+§≈≈§
_.∩...'..._#
_..__##_.#'#
_____###+#.# ######
###


You could see a kobold demonologist and a sixfirhy.

Vanquished Creatures
  A kobold demonologist (D)
  Sigmund (D)
  A yak (D)
  A floating eye (D)
  An ogre (D)
  A jelly (D)
  Ijyb (D)
7 creatures vanquished.

Vanquished Creatures (collateral kills)
  A slime creature (D)
1 creature vanquished.

Vanquished Creatures (others)
  A gargoyle (D)
  A yak skeleton (D)
2 creatures vanquished.

Grand Total: 10 creatures vanquished

Notes
Turn   | Place    | Note
-------+----------+-------------------------------------------
     0 | D        | nuthulu the Troll Monk began the quest for the Orb.
     0 | D        | Reached XP level 1. HP: 22/22 MP: 0/0
     1 | D        | Noticed Ijyb
    11 | D        | Killed Ijyb
    11 | D        | Reached skill level 4 in Unarmed Combat
    11 | D        | Reached XP level 2. HP: 31/31 MP: 1/1
    15 | D        | Noticed an ogre
    20 | D        | Killed an ogre
    20 | D        | Reached skill level 5 in Fighting
    20 | D        | Reached skill level 5 in Dodging
    20 | D        | Reached skill level 6 in Unarmed Combat
    20 | D        | Reached XP level 3. HP: 4/42 MP: 2/2
    20 | D        | Reached XP level 4. HP: 5/50 MP: 3/3
   108 | D        | Noticed Sigmund
   126 | D        | Killed Sigmund
   126 | D        | Reached skill level 7 in Unarmed Combat
   126 | D        | Reached XP level 5. HP: 3/61 MP: 4/4
   126 | D        | Reached XP level 6. HP: 4/68 MP: 5/5
   130 | D        | Killed a gargoyle
   276 | D        | Found an ornate altar of the Wu Jian Council.
   276 | D        | Found a deep blue altar of Sif Muna.
   278 | D        | Found a radiant altar of Vehumet.
   288 | D        | Reached skill level 8 in Unarmed Combat
   296 | D        | Found Qesaom's Food Emporium.
   296 | D        | Found an ancient bone altar of Kikubaaqudgha.
   296 | D        | Found a hazy altar of Hepliaklqana.
   296 | D        | Found a stormy altar of Qazlal.
   296 | D        | Found a hide-covered altar of Uskayaw.
   296 | D        | Found a blossoming altar of Fedhas.
   296 | D        | Found a bloodstained altar of Trog.
   296 | D        | Found an iron altar of Okawaru.
   296 | D        | Found a basalt altar of Yredelemnul.
   296 | D        | Found a glowing golden altar of the Shining One.
   296 | D        | Found a snail-covered altar of Cheibriados.
   296 | D        | Found a sacrificial altar of Ru.
   296 | D        | Found a glowing silver altar of Zin.
   296 | D        | Found a shadowy altar of Dithmenos.
   296 | D        | Found a white marble altar of Elyvilon.
   296 | D        | Noticed a yak
   297 | D        | Found an opulent altar of Gozag.
   302 | D        | Killed a yak
   303 | D        | Found a sparkling altar of Nemelex Xobeh.
   311 | D        | Became a worshipper of Yredelemnul the Dark
   311 | D        | Reached * piety under Yredelemnul
   311 | D        | Reached ** piety under Yredelemnul
   367 | D        | Found a burning altar of Makhleb.
   367 | D        | Found a shimmering altar of Xom.
   367 | D        | Noticed a slime creature
   368 | D        | Found a viscous altar of Jiyva.
   368 | D        | Found a corrupted altar of Lugonu.
   375 | D        | Killed a slime creature
   375 | D        | Reached skill level 9 in Unarmed Combat
   375 | D        | Reached XP level 7. HP: 34/79 MP: 5/7
   559 | D        | Noticed a centaur warrior
   577 | D        | Noticed a kobold demonologist
   578 | D        | Noticed a kobold demonologist
   584 | D        | Killed a kobold demonologist
   584 | D        | Reached skill level 10 in Unarmed Combat
   589 | D        | Noticed a sixfirhy
   594 | D        | HP: 2/81 [sixfirhy[a kobold demonologist] (11)]
   594 | D        | Slain by a sixfirhy

Skill      XL: |  1  2  3  4  5  6  7 |
---------------+----------------------+-----
Fighting       | 3 5 6 7 8 |  8.4
Dodging        | 3 5 6 7 8 |  8.4
Unarmed Combat | 4 6 7 9 10 | 10.0
Invocations    | 2 3 |  3.8
Stealth        | |  1.0

Action                   |  1- 3 |  4- 6 |  7- 9 || total
-------------------------+-------+-------+-------++-------
Melee: Unarmed           |    13 |    21 |    11 ||    45
       Punch             |       |       |     1 ||     1
Invok: Animate Remains   |       |     2 |       ||     2
  Use: Potion            |       |     1 |       ||     1
 Stab: Sleeping          |       |     1 |       ||     1
  Eat: Chunk             |       |    10 |     1 ||    11
Armor: Robe              |     2 |       |     5 ||     7
Dodge: Dodged            |     5 |     9 |     8 ||    22
